 Dungeon Crawl Stone Soup version 0.30-a0-371-gad7725a93e (webtiles) character file.

Game seed: 15632438313357867854

4101 mopl the Thaumaturge (level 10, 0/63 HPs)
             Began as a Mummy Fire Elementalist on Nov 20, 2022.
             Was a Priest of Vehumet.
             Slain by a yak (4 damage)
             ... on level 9 of the Dungeon.
             The game lasted 00:13:10 (9397 turns).

mopl the Thaumaturge (Mummy Fire Elementalist)      Turns: 9397, Time: 00:13:11

Health: 0/63       AC:  7    Str: 12    XL:     10   Next: 6%
Magic:  11/22      EV: 12    Int: 18    God:    Vehumet [***...]
Gold:   453        SH:  5    Dex: 13    Spells: 12/25 levels left

rFire   x . .      SeeInvis .    C - +10 mace "Ojymp" {flame, rC+}
rCold   + + .      Faith    +    (no shield)
rNeg    + + +      Spirit   .    x - +0 steam dragon scales
rPois   ∞          Reflect  +    (no helmet)
rElec   .          Harm     .    F - +0 cloak
rCorr   .          Rampage  .    f - +0 pair of gloves
Will    +....                    (no boots)
Stlth   ++........               h - amulet of reflection
HPRegen 0.30/turn                (no ring)
MPRegen 0.18/turn                (no ring)

@: no status effects
A: cold resistance 1, negative energy resistance 3, torment resistance 2, heat
vulnerability 1, in touch with death 1, no potions, faith
a: Renounce Religion


You were on level 9 of the Dungeon.
You worshipped Vehumet.
Vehumet was most pleased with you.
You visited 1 branch of the dungeon, and saw 9 of its levels.

You collected 453 gold pieces.

Inventory:

Hand Weapons
 b - a +0 spear
 k - a +0 short sword of draining
 s - a +1 dagger of venom
 u - a +2 halberd of freezing
 v - a +4 whip of venom
 C - the +10 mace "Ojymp" (weapon) {flame, rC+}
   (You took it off a wight on level 8 of the Dungeon)

   It burns those it strikes, dealing additional fire damage.
   rC:        It protects you from cold.
 D - a +4 spear of flaming
Missiles
 c - 2 boomerangs
 n - 2 atropa-tipped darts
 y - 15 poisoned darts
 G - a throwing net
Armour
 f - a +0 pair of gloves (worn)
 x - +0 steam dragon scales (worn)
 E - a +0 buckler
 F - a +0 cloak (worn)
Magical Staves
 H - a staff of cold
 J - a staff of conjuration
Jewellery
 h - an amulet of reflection (around neck)
Wands
 g - a wand of flame (25)
 q - a wand of light (5)
 z - a wand of roots (18)
 K - a wand of charming (1)
Scrolls
 a - a scroll of blinking {unknown}
 d - a scroll of noise
 e - a scroll of butterflies
 i - 2 scrolls of poison
 j - 5 scrolls of identify {unknown}
 l - a scroll of enchant weapon {unknown}
 m - 2 scrolls of brand weapon {unknown}
 o - 2 scrolls of summoning {unknown}
 p - 3 scrolls of teleportation {unknown}
 r - a scroll of silence {unknown}
 t - 2 scrolls of enchant armour {unknown}
 w - 4 scrolls of immolation {unknown}
 A - 2 scrolls of fear {unknown}
 B - 2 scrolls of amnesia {unknown}
 I - a scroll of vulnerability {unknown}


   Skills:
 - Level 1.5 Dodging
 - Level 1.5 Stealth
 + Level 8.4 Spellcasting
 * Level 6.5 Conjurations
 - Level 3.0 Translocations
 * Level 7.1 Fire Magic
 + Level 3.1 Earth Magic
 + Level 2.6 Evocations


You had 12 spell levels left.
You knew the following spells:

 Your Spells              Type           Power      Damage    Failure   Level
a - Stone Arrow           Conj/Erth      50%        3d10      1%          3
b - Scorch                Fire           66%        2d8       1%          2
c - Kindle Blastsparks    Fire/Tloc/Air  38%        2d13      1%          3
d - Flame Wave            Conj/Fire      32%        2d9       1%          4
e - Foxfire               Conj/Fire      100%       2x1d9     1%          1

Your spell library contained the following spells:

 Spells                   Type           Power      Damage    Failure   Level
 Frozen Ramparts          Ice            14%        1d3       8%          3
 Static Discharge         Conj/Air       38%        2-4/arc   1%          2
 Inner Flame              Hex/Fire       20%        N/A       1%          3
 Apportation              Tloc           36%        N/A       2%          1
 Passwall                 Tmut/Erth      10%        N/A       8%          2
 Summon Small Mammal      Summ           28%        N/A       10%         1
 Ensorcelled Hibernation  Hex/Ice        14%        N/A       14%         2
 Vhi's Electric Charge    Tloc/Air       24%        N/A       16%         3
 Arcjolt                  Conj/Air       9%         1d19      17%         5
 Lightning Bolt           Conj/Air       9%         1d22      17%         5
 Passage of Golubria      Tloc           18%        N/A       26%         4
 Call Canine Familiar     Summ           7%         N/A       28%         3
 Summon Guardian Golem    Hex/Summ       7%         N/A       28%         3
 Swiftness                Air            7%         N/A       28%         3
 Tukima's Dance           Hex            7%         N/A       28%         3
 Animate Armour           Summ/Erth      26%        N/A       43%         4
 Yara's Violent Unravell  Hex/Tmut       3%         3d4       52%         5
 Alistair's Intoxication  Tmut/Pois      4%         N/A       95%         5
 Lehudib's Crystal Spear  Conj/Erth      12%        10d4      100%        8


Dungeon Overview and Level Annotations

Branches:
Dungeon (9/15)             Temple (0/1) D:7
   Lair: D:8-11         Orc: D:9-12

Altars:
Ashenzari
Cheibriados
Fedhas
Kikubaaqudgha
Makhleb
Nemelex Xobeh
Okawaru
Ru
Sif Muna
Trog
Vehumet
Wu Jian
Xom
Yredelemnul
Lugonu

Shops:
D:2 (

Portals:
Abyss: D:9


Innate Abilities, Weirdness & Mutations

You are immune to poison.
Your flesh is cold resistant. (rC+)
You are immune to negative energy. (rN+++)
You are immune to unholy pain and torment.
You are vulnerable to heat. (rF-)
You are in touch with the powers of death.
You do not drink.
You have a special connection with the divine. (Faith)


Message History

You reflect the stone off an invisible shield around you!
The stone barely misses the kobold.
Things that are here:
a +0 whip; a +0 chain mail The kobold throws a stone.
The stone hits you.
The kobold brigand attacks as you move away!
The kobold brigand hits you with a +1 dagger of venom.
The kobold brigand throws a poisoned dart.
The poisoned dart hits you! The kobold misses you.
You closely miss the kobold.
The kobold brigand throws a poisoned dart.
The poisoned dart hits you! The kobold hits you but does no damage.
You block the kobold's attack. The yak closely misses you.
The kobold shouts!
You sock the kobold! You burn the kobold.
You kill the kobold!
Vehumet accepts your kill.
You feel your power returning. The yak gores you.
* * * LOW HITPOINT WARNING * * *
Unknown command.
Okay, then.
You can't drink.
Unknown command.
As you read the scroll labelled GOYFENGEFON, it crumbles to dust.
You hear a loud clanging noise!
It was a scroll of noise.
You hear a screech!
The yak gores you!
* * * LOW HITPOINT WARNING * * *
The kobold hits you but does no damage.
As you read the scroll labelled SOXTIO JUELUUK, it crumbles to dust.
You hear the tinkle of a tiny bell.
It was a scroll of butterflies.
The yak gores you but does no damage. Something hits your butterfly.
Your butterfly dies!
Your butterfly disappears in a burst of colours!
The kobold hits you but does no damage.
The air fills with toxic fumes!
As you read the scroll labelled KIC XADDEENO, it crumbles to dust.
It was a scroll of poison.
The kobold closely misses you. The yak gores you.
You die...

#
######...#####......
.
.....................
#########.##.........
#..).##...... #..###
..... ##b))# ....
#..#b## #.#
#)##b)##### .
####)###KY@Kb# #..Y.#
#####b.# ##†####


bb# ###..# b§§ ###...## ### ##...######### K.# #(.####.YY..Y. ##K. ..).....#
..6. .[####### ..K. You could see a yak, a kobold brigand (ally target) and a
kobold (ally target).

Vanquished Creatures
  Amaemon (D:9)
  An unseen horror zombie (D:8)
  A yak (D:9)
  A vampire (D:9)
  A steam dragon (D:7)
  An ice beast (D:7)
  An orc warrior (D:8)
  A sky beast (D:7)
  A black bear (D:7)
  3 centaurs
  An ogre (D:6)
  2 kobold brigands
  2 gnoll sergeants
  7 bullfrogs
  2 necrophages
  2 wyvern zombies (D:8)
  2 scorpions
  2 wights (D:8)
  2 howler monkeys
  A crimson imp (D:6)
  3 hounds
  4 centaur zombies (D:8)
  A jelly (D:4)
  A gnoll bouda (D:6)
  3 orc priests
  An iron imp (D:6)
  5 orc wizards
  A killer bee zombie (D:8)
  2 howler monkey zombies (D:8)
  15 gnolls
  6 adders
  2 white imps
  An ufetubus (D:6)
  A dart slug (D:3)
  22 orcs
  9 ball pythons
  3 endoplasms
  4 giant cockroaches
  7 goblins
  8 hobgoblins
  12 jackals
  23 kobolds
  4 quokkas
  6 bats
  4 frilled lizards
  A rat (D:1)
184 creatures vanquished.

Vanquished Creatures (others)
  17 foxfires
  A lurking horror (D:9)
  3 withered plants (D:8)
21 creatures vanquished.

Grand Total: 205 creatures vanquished

Notes
Turn   | Place    | Note
-------+----------+-------------------------------------------
     0 | D:1      | mopl the Mummy Fire Elementalist began the quest for the
                  | Orb.
     0 | D:1      | Reached XP level 1. HP: 13/13 MP: 4/4
   217 | D:1      | Reached skill level 1 in Conjurations
   264 | D:1      | Found a faded altar of an unknown god.
   264 | D:1      | Noticed an ice devil
   332 | D:1      | Reached skill level 3 in Spellcasting
   362 | D:1      | Reached XP level 2. HP: 19/19 MP: 4/6
   365 | D:1      | Learned a level 2 spell: Scorch
  1139 | D:2      | Gained mutation: You are in touch with the powers of death.
                  | [Mummy growth]
  1139 | D:2      | Reached XP level 3. HP: 18/24 MP: 4/7
  1204 | D:2      | Learned a level 3 spell: Kindle Blastsparks
  1221 | D:2      | Found Xyzer's Weapon Emporium.
  1465 | D:2      | Reached skill level 3 in Fire Magic
  2118 | D:3      | Reached XP level 4. HP: 30/30 MP: 5/9
  2477 | D:3      | Reached skill level 2 in Conjurations
  2672 | D:3      | Found a broken altar of Ashenzari.
  2677 | D:3      | Found an ornate altar of the Wu Jian Council.
  2680 | D:3      | Found a basalt altar of Yredelemnul.
  2681 | D:3      | Found a sparkling altar of Nemelex Xobeh.
  2682 | D:3      | Found a burning altar of Makhleb.
  2685 | D:3      | Found a blossoming altar of Fedhas.
  2686 | D:3      | Found a radiant altar of Vehumet.
  2691 | D:3      | Became a worshipper of Vehumet
  3043 | D:4      | Noticed a necrophage
  3048 | D:4      | Killed a necrophage
  3049 | D:4      | Reached skill level 4 in Spellcasting
  3049 | D:4      | Reached XP level 5. HP: 33/35 MP: 1/11
  3141 | D:4      | Reached skill level 1 in Translocations
  3412 | D:5      | Entered Level 5 of the Dungeon
  3594 | D:5      | Found an ancient bone altar of Kikubaaqudgha.
  3662 | D:5      | Found a bloodstained altar of Trog.
  3685 | D:5      | Reached XP level 6. HP: 41/41 MP: 7/13
  4124 | D:4      | Found a shimmering blue altar of Sif Muna.
  4271 | D:5      | Found a sacrificial altar of Ru.
  4277 | D:5      | Learned a level 4 spell: Flame Wave
  4306 | D:5      | Reached skill level 5 in Spellcasting
  4306 | D:5      | Reached skill level 3 in Conjurations
  4340 | D:5      | Reached skill level 4 in Fire Magic
  4442 | D:5      | Reached * piety under Vehumet
  4442 | D:5      | Offered knowledge of Magic Dart by Vehumet.
  4929 | D:6      | Reached XP level 7. HP: 45/46 MP: 9/15
  5058 | D:6      | Reached skill level 2 in Translocations
  5161 | D:6      | Found a snail-covered altar of Cheibriados.
  5185 | D:6      | Reached skill level 6 in Spellcasting
  5341 | D:6      | Found a burning altar of Makhleb.
  5343 | D:6      | Found a shimmering altar of Xom.
  5343 | D:6      | Found a sparkling altar of Nemelex Xobeh.
  5345 | D:6      | Found a blossoming altar of Fedhas.
  5345 | D:6      | Found a sparkling altar of Nemelex Xobeh.
  5345 | D:6      | Found an iron altar of Okawaru.
  6184 | D:7      | Reached skill level 4 in Conjurations
  6224 | D:7      | Reached XP level 8. HP: 49/52 MP: 8/17
  6235 | D:7      | Found a staircase to the Ecumenical Temple.
  6298 | D:7      | Learned a level 3 spell: Stone Arrow
  6322 | D:7      | Reached skill level 5 in Fire Magic
  6409 | D:7      | Reached ** piety under Vehumet
  6409 | D:7      | Offered knowledge of Poisonous Vapours by Vehumet.
  6592 | D:7      | Reached skill level 7 in Spellcasting
  6592 | D:7      | Reached skill level 3 in Translocations
  6592 | D:7      | Reached skill level 1 in Earth Magic
  7132 | D:7      | Reached skill level 5 in Conjurations
  7668 | D:8      | Reached XP level 9. HP: 40/57 MP: 20/20
  7764 | D:8      | Reached skill level 6 in Fire Magic
  7764 | D:8      | Reached skill level 2 in Earth Magic
  7764 | D:8      | Reached skill level 1 in Evocations
  8050 | D:8      | Identified the +10 mace "Ojymp" {flame, rC+}
  8237 | D:8      | Offered knowledge of Mephitic Cloud by Vehumet.
  8685 | D:9      | Reached skill level 2 in Evocations
  8690 | D:9      | Reached skill level 6 in Conjurations
  8738 | D:9      | Reached *** piety under Vehumet
  8794 | D:9      | Reached skill level 8 in Spellcasting
  9129 | D:9      | Offered knowledge of Frozen Ramparts by Vehumet.
  9132 | D:9      | Found a one-way gate to the infinite horrors of the Abyss.
  9134 | D:9      | Found a corrupted altar of Lugonu.
  9196 | D:9      | Noticed Amaemon
  9243 | D:9      | Killed Amaemon
  9244 | D:9      | Reached skill level 7 in Fire Magic
  9244 | D:9      | Reached skill level 3 in Earth Magic
  9244 | D:9      | Reached XP level 10. HP: 36/63 MP: 3/22
  9395 | D:9      | HP: 3/63 [yak (12)]
  9397 | D:9      | Slain by a yak

Illustrated notes

Levels and vault maps discovered:
D:1:      eino_arrival_druids_welcome, layout_loops_corners,
          dreamdust_ecumenical_altar_sealed_demon
D:2:      layout_loops_corners, serial_shops, nicolae_lakefront_shop
D:3:      layout_loops_corners, minitemple
D:4:      layout_loops_ring, mainiacjoe_overflow_boulevard
D:5:      layout_cave_pods, kennysheep_little_box, lemuel_round_altar,
          mainiacjoe_overflow_alcove_1
D:6:      layout_gridville, slow_altar_1, doesnt_xom_only_xom,
          minmay_fire_ice_demons
D:7:      layout_cave_pods, minmay_temple_entry_arrows
D:8:      layout_loops_ring, serial_undead, serial_undead_e, serial_undead_a,
          serial_undead_f, serial_undead_d
D:9:      layout_rooms, minivault_10, amcnicky_altar_lugonu_corruption,
          uniq_amaemon

Skill      XL: |  1  2  3  4  5  6  7  8  9 |
---------------+----------------------------+-----
Conjurations   | 1 2 3 4 5 6 |  6.5
Spellcasting   | 3 4 5 6 7 8 |  8.4
Fire Magic     | 3 4 5 7 |  7.1
Translocations | 1 2 3 |  3.0
Earth Magic    | 1 3 |  3.1
Evocations     | 2 |  2.6
Dodging        | |  1.5
Stealth        | |  1.5

Action                   |  1- 3 |  4- 6 |  7- 9 | 10-12 || total
-------------------------+-------+-------+-------+-------++-------
Melee: Spear             |    82 |    12 |       |       ||    94
       Unarmed           |     9 |       |       |       ||     9
       Short sword       |       |    52 |       |       ||    52
       Punch             |       |     4 |     2 |       ||     6
       Dagger            |       |       |    17 |       ||    17
       Whip              |       |       |    64 |       ||    64
       Mace              |       |       |    24 |     4 ||    28
 Cast: Foxfire           |    10 |     1 |     1 |       ||    12
       Scorch            |    30 |    58 |   167 |     7 ||   262
       Kindle Blastspark |       |       |     7 |     1 ||     8
Evoke: Wand              |       |       |     6 |       ||     6
  Use: Scroll            |       |       |       |     3 ||     3
 Stab: Sleeping          |     3 |     2 |     2 |       ||     7
Armor: Robe              |    13 |    24 |    14 |       ||    51
       Steam dragon scal |       |       |    46 |     5 ||    51
Dodge: Dodged            |    79 |    58 |   126 |     6 ||   269
Block: Other             |       |    19 |    65 |     3 ||    87
       Reflection        |       |       |     5 |     1 ||     6

Table legend: (Time is in decaauts)
 A = Elapsed time spent in this place.
 B = Non-inter-level travel time spent in this place.
 C = Inter-level travel time spent in this place.
 D = Time resting spent in this place.
 E = Time spent auto-exploring this place.
 F = Levels seen in this place.
 G = Mean time per level.
                   A        B        C        D        E       F      G
               +--------+--------+--------+--------+--------+-----+--------+
         Total |   9426 |   9127 |    299 |   2237 |   5257 |   9 | 1047.3 |
       Dungeon |   9426 |   9127 |    299 |   2237 |   5257 |   9 | 1047.3 |
               +--------+--------+--------+--------+--------+-----+--------+

Top non-repeatable levels by time:
     D:8: 1360 daAuts
     D:5: 1284 daAuts
     D:7: 1221 daAuts
     D:2: 1085 daAuts
     D:6: 1037 daAuts
     D:3: 1020 daAuts
     D:1: 971 daAuts
     D:4: 788 daAuts
     D:9: 657 daAuts
